 Dungeon Crawl Stone Soup version 0.30.1-11-g7821555f0a (webtiles) character file.

Game seed: 8870405397905325849

6391 Zeor the Carver (level 10, 0/82 HPs)
             Began as a Red Draconian Gladiator on Nov 9, 2023.
             Was a Believer of Vehumet.
             Slain by a cane toad (10 damage)
             ... on level 1 of the Lair of Beasts.
             The game lasted 00:36:46 (11214 turns).

Zeor the Carver (Red Draconian Gladiator)          Turns: 11214, Time: 00:36:47

Health: 0/82       AC:  9    Str: 22    XL:     10   Next: 66%
Magic:  18/18      EV: 15    Int: 20    God:    Vehumet [**....]
Gold:   510        SH:  5    Dex: 13    Spells: 11/20 levels left

rFire   + . .        a - +1 long sword (freeze)
rCold   . . .        (no shield)
rNeg    . . .        (body armour unavailable)
rPois   +            b - +1 hat
rElec   +            B - +0 cloak
rCorr   .            (no gloves)
SInv    .            (no boots)
Will    +....        t - amulet of reflection
Stlth   +++          w - ring of Hanninn {Contam rElec rPois Str+6 Int+7}
HPRegen 0.33/turn    x - ring of willpower
MPRegen 0.16/turn

%: reflection
@: about to teleport
A: breathe fire, AC +7, unfitting armour, fire resistance 1, cold-blooded
a: Breathe Fire, Renounce Religion


You were on level 1 of the Lair of Beasts.
You worshipped Vehumet.
Vehumet was pleased with you.
You visited 2 branches of the dungeon, and saw 10 of its levels.
You also visited: Sewer.

You collected 510 gold pieces.

Inventory:

Hand Weapons
 a - a +1 long sword of freezing (weapon)
 o - a +1 dagger of venom
 z - a +0 quarterstaff
Missiles
 c - 4 throwing nets
 d - 4 javelins
 J - a curare-tipped dart
Armour
 b - a +1 hat (worn)
 y - a scarf of shadows
 B - a +0 cloak (worn)
Magical Staves
 g - a staff of earth
 s - a staff of cold
Jewellery
 h - a ring of flight
 i - a ring of see invisible
 m - a ring of resist corrosion
 t - an amulet of reflection (around neck)
 w - the ring of Hanninn (left hand) {Contam rElec rPois Str+6 Int+7}
   (You found it in a sewer)

   [ring of strength]

   Str:       It affects your strength (+6).
   Int:       It affects your intelligence (+7).
   rElec:     It insulates you from electricity.
   rPois:     It protects you from poison.
   Contam:    It causes magical contamination when unequipped.
 x - a ring of willpower (right hand)
Wands
 p - a wand of quicksilver (2)
 D - a wand of roots (10)
 G - a wand of paralysis (3)
Scrolls
 f - 3 scrolls of amnesia
 r - 3 scrolls of enchant weapon
 u - 3 scrolls of blinking
 v - a scroll of brand weapon
 A - 3 scrolls of identify
 C - a scroll of vulnerability
 E - a scroll of teleportation
 F - a scroll of fear
 H - a scroll of poison
Potions
 e - 6 potions of curing
 j - a potion of magic
 k - 3 potions of cancellation
 l - 3 potions of haste
 n - a potion of flight
 q - 2 potions of lignification
Miscellaneous
 I - a phial of floods


   Skills:
 + Level 5.6 Fighting
 + Level 8.9 Long Blades
 + Level 1.9 Throwing
 * Level 8.4 Dodging
 + Level 4.5 Stealth
 + Level 2.4 Shields
 * Level 5.9 Spellcasting
 * Level 3.9 Conjurations
 + Level 1.5 Translocations
 * Level 1.4 Fire Magic


You had 11 spell levels left.
You knew the following spells:

 Your Spells              Type           Power      Damage    Failure   Level
b - Volatile Blastmotes   Fire/Tloc      22%        2d11      17%         3
i - Ignite Poison         Fire/Tmut/Pois 7%         N/A       26%         3
k - Kiss of Death         Conj/Necr      52%        2d9       4%          1
s - Momentum Strike       Conj/Tloc      32%        3d8       5%          2

Your spell library contained the following spells:

 Spells                   Type           Power      Damage    Failure   Level
 Blink                    Tloc           24%        N/A       9%          2
 Lesser Beckoning         Tloc           24%        N/A       9%          2
 Confusing Touch          Hex            5%         N/A       32%         3
 Iskenderun's Mystic Bla  Conj/Tloc      16%        2d5       34%         4
 Fulminant Prism          Conj/Hex       6%         3d7       43%         4
 Dispel Undead            Necr           6%         3d8       71%         4
 Lee's Rapid Deconstruct  Erth           2%         3d5*      96%         5


Dungeon Overview and Level Annotations

Branches:
Dungeon (9/15)             Temple (0/1) D:6            Lair (1/5) D:9
  Sewer (visited)
    Orc: D:9-12

Altars:
Ashenzari
Elyvilon
Fedhas
Hepliaklqana
Kikubaaqudgha
Nemelex Xobeh
Okawaru
Qazlal
Vehumet
Wu Jian
Zin


Innate Abilities, Weirdness & Mutations

You can breathe blasts of fire.
Your fiery red scales are hard. (AC +7)
You cannot fit into any form of body armour.
Your flesh is heat resistant. (rF+)
You are cold-blooded and may be slowed by cold attacks.


Message History

You barely miss the cane toad.
The cane toad is lightly wounded.
The cane toad stings you!! The cane toad closely misses you.
You closely miss the cane toad.
Your tail-slap misses the cane toad.
The cane toad is lightly wounded.
The cane toad stings you but does no damage.
The cane toad stings you.
The cane toad stings you but does no damage.
You hit the cane toad.
The cane toad seems to slow down.
You freeze the cane toad.
Your tail-slap misses the cane toad.
The cane toad is moderately wounded.
You are no longer robbed of momentum.
You block the cane toad's attack. The cane toad barely misses you.
Okay, then.
You closely miss the cane toad.
The cane toad is moderately wounded.
The cane toad is no longer moving slowly.
You block the cane toad's attack. The cane toad stings you!!
As you read the scroll of teleportation, it crumbles to dust.
You feel strangely unstable. The cane toad closely misses you.
You block the cane toad's attack.
You slash the cane toad! You freeze the cane toad.
The cane toad is heavily wounded.
The cane toad stings you but does no damage. x2
You slash the cane toad!
The cane toad seems to slow down.
You freeze the cane toad.
The cane toad is almost dead.
The cane toad stings you!
* * * LOW HITPOINT WARNING * * *
The cane toad closely misses you.
The cane toad stings you but does no damage.
You feel better. The cane toad stings you!!
* * * LOW HITPOINT WARNING * * *
The cane toad closely misses you.
You slash the cane toad!
The cane toad seems to slow down.
You freeze the cane toad.
You kill the cane toad!
Vehumet accepts your kill.
You feel your power returning. The cane toad stings you!
You die...

▒▒▒▒▒▒▒▒▒
▒▒∙∙∙∙∙∙∙∙
▒dF∙∙∙∙∙∙∙
▒▒∙∙!∙∙∙∙∙
▒∙∙∙∙∙∙∙∙
▒∙∙∙∙∙∙∙∙
▒∙∙∙∙∙∙∙∙


∙∙∙∙∙∙∙∙∙ ▒∙∙∙▒▒▒▒▒∙ ▒▒∙∙▒ ▒∙∙▒ You could see a cane toad.

Vanquished Creatures
  Pikel (D:5)
  An elephant (D:9)
  Maggie (D:6)
  A cane toad (Lair:1)
  A troll (D:9)
  Grinder (D:6)
  Sigmund (D:6)
  A wyvern (D:9)
  6 yaks (D:8)
  A steam dragon (D:7)
  An acid dragon (D:8)
  2 water moccasins
  2 orc warriors
  A sky beast (D:7)
  2 black bears (D:9)
  4 ogres
  3 centaurs
  A phantom (D:3)
  2 bullfrogs
  Blork the orc (D:6)
  2 kobold brigands (D:9)
  A gnoll sergeant (D:7)
  3 scorpions
  4 wights (D:8)
  5 killer bees (D:9)
  2 howler monkeys (D:9)
  A hound (D:4)
  6 orc priests
  3 gnoll boudas
  2 iguanas
  A jelly (D:5)
  A sleepcap (D:4)
  6 orc wizards
  26 gnolls
  15 adders
  3 shadow imps
  A white imp (D:6)
  3 ufetubi
  A worm (D:5)
  29 orcs
  19 endoplasms
  19 giant cockroaches
  4 goblins
  4 hobgoblins
  23 kobolds
  15 quokkas
  11 ball pythons
  4 bats (D:1)
  6 frilled lizards
  4 rats
258 creatures vanquished.

Notes
Turn   | Place    | Note
-------+----------+-------------------------------------------
     0 | D:1      | Zeor the Draconian Gladiator began the quest for the Orb.
     0 | D:1      | Reached XP level 1. HP: 17/17 MP: 1/1
   277 | D:1      | Reached XP level 2. HP: 25/25 MP: 2/2
   985 | D:2      | Reached XP level 3. HP: 30/30 MP: 4/4
  1036 | D:2      | Reached skill level 1 in Spellcasting
  1058 | D:2      | Reached skill level 1 in Stealth
  1121 | D:2      | Found a faded altar of an unknown god.
  1466 | D:2      | Reached XP level 4. HP: 37/37 MP: 5/5
  1793 | D:3      | Noticed a phantom
  1815 | D:3      | Killed a phantom
  1816 | D:3      | Reached XP level 5. HP: 14/44 MP: 7/7
  2295 | D:4      | Reached XP level 6. HP: 15/51 MP: 7/9
  2318 | D:4      | Found a white marble altar of Elyvilon.
  2353 | D:4      | Found a stormy altar of Qazlal.
  2508 | D:4      | Reached skill level 5 in Long Blades
  2554 | D:4      | Found a glowing drain.
  2576 | Sewer    | Entered a sewer
  2866 | Sewer    | Your scales start taking on a fiery red colour.
  2866 | Sewer    | Reached XP level 7. HP: 43/57 MP: 8/10
  2866 | Sewer    | Gained mutation: Your flesh is heat resistant. (rF+) [Red
                  | Draconian growth]
  2970 | Sewer    | Identified the ring of Hanninn {Contam rElec rPois Str+6
                  | Int+7}
  3179 | D:4      | Found a hazy altar of Hepliaklqana.
  3179 | D:4      | Found an ancient bone altar of Kikubaaqudgha.
  3184 | D:4      | Found an iron altar of Okawaru.
  3187 | D:4      | Found a glowing silver altar of Zin.
  3188 | D:4      | Found a faded altar of an unknown god.
  3787 | D:5      | Entered Level 5 of the Dungeon
  3969 | D:5      | Found a radiant altar of Vehumet.
  3982 | D:5      | Became a worshipper of Vehumet
  4175 | D:5      | Noticed Pikel
  4182 | D:5      | Learned a level 2 spell: Momentum Strike
  4210 | D:5      | Killed Pikel
  4211 | D:5      | Reached skill level 5 in Dodging
  4211 | D:5      | Reached XP level 8. HP: 14/66 MP: 10/13
  4716 | D:5      | Reached skill level 1 in Shields
  5026 | D:6      | Noticed Sigmund
  5042 | D:6      | Reached * piety under Vehumet
  5042 | D:6      | Offered knowledge of Freeze by Vehumet.
  5049 | D:6      | Killed Sigmund
  5331 | D:6      | Found a blossoming altar of Fedhas.
  5332 | D:6      | Found an ornate altar of the Wu Jian Council.
  5334 | D:6      | Found a broken altar of Ashenzari.
  5334 | D:6      | Found a sparkling altar of Nemelex Xobeh.
  5709 | D:6      | Found a staircase to the Ecumenical Temple.
  5765 | D:6      | Noticed Blork the orc
  5775 | D:6      | Killed Blork the orc
  5786 | D:6      | Reached XP level 9. HP: 47/72 MP: 15/15
  5808 | D:6      | Learned a level 1 spell: Kiss of Death
  5986 | D:6      | Noticed Grinder
  5997 | D:6      | Paralysed by Grinder for 2 turns
  6010 | D:6      | Killed Grinder
  6011 | D:6      | Reached skill level 1 in Translocations
  6068 | D:6      | Noticed Maggie
  6083 | D:6      | Killed Maggie
  6084 | D:6      | Reached skill level 1 in Conjurations
  6398 | D:6      | You fall into a shaft and drop 2 floors!
  6791 | D:7      | Reached skill level 5 in Fighting
  6791 | D:7      | Reached skill level 5 in Spellcasting
  7193 | D:7      | Offered knowledge of Sandblast by Vehumet.
  7200 | D:7      | Reached ** piety under Vehumet
  8532 | D:8      | Reached XP level 10. HP: 81/81 MP: 17/17
  9297 | D:8      | Learned a level 3 spell: Volatile Blastmotes
  9900 | D:9      | Found a staircase to the Lair.
  9904 | D:9      | Noticed an elephant
 10287 | D:9      | Killed an elephant
 10288 | D:9      | Reached skill level 1 in Fire Magic
 10561 | D:9      | Offered knowledge of Ignite Poison by Vehumet.
 10704 | D:9      | Learned a level 3 spell: Ignite Poison
 11198 | Lair:1   | Entered Level 1 of the Lair of Beasts
 11198 | Lair:1   | Noticed a cane toad
 11198 | Lair:1   | Noticed a cane toad
 11214 | Lair:1   | Killed a cane toad
 11214 | Lair:1   | Slain by a cane toad

Illustrated notes

Levels and vault maps discovered:
D:1:      sevenhm_arrival_forest_fort_large_2, layout_basic
D:2:      layout_rooms, shapermc_ecumenical_altar_gd
D:3:      layout_rooms
D:4:      layout_loops_corners, chequers_temple_overflow_minitemple,
          general_overflow_altar, mainiacjoe_overflow_brackets,
          gup_sewer_entry_pipe, kennysheep_another_room,
          kennysheep_pointless_box, minmay_misc_feat_alley
D:5:      layout_loops_ring, mainiacjoe_overflow_alcove_1, uniq_pikel
D:6:      layout_basic, chequers_temple_overflow_statue_of_worship,
          minmay_temple_entry_glassed_door, minmay_misc_feat_columns,
          uniq_grinder, uniq_maggie, uniq_blork_the_orc, uniq_sigmund
D:7:      layout_basic, glass_columns_c, chequers_serial_rivers_micro_c
D:8:      layout_basic
D:9:      layout_basic, david_lair_generic
Lair:1:   layout_chaotic_city, serial_bayou_pond_c, infiniplex_staircase_pool,
          uniq_gastronok

Skill      XL: |  1  2  3  4  5  6  7  8  9 10 |
---------------+-------------------------------+-----
Dodging        | 3 4 5 6 7 8 |  8.4
Spellcasting   | 1 2 3 4 5 |  5.9
Stealth        | 1 2 3 4 |  4.5
Long Blades    | 4 5 6 7 8 |  8.9
Fighting       | 3 4 5 |  5.6
Shields        | 1 2 |  2.4
Translocations | 1 |  1.5
Conjurations   | 2 3 |  3.9
Fire Magic     | 1 |  1.4
Throwing       | |  1.9

Action                     |  1- 3 |  4- 6 |  7- 9 | 10-12 || total
---------------------------+-------+-------+-------+-------++-------
  Melee: Long sword        |   104 |   281 |   349 |   180 ||   914
         Tailslap          |     8 |    24 |    44 |    38 ||   114
         Punch             |       |     2 |     5 |     2 ||     9
  Throw: Throwing net      |       |       |     2 |     1 ||     3
   Cast: Momentum Strike   |       |       |    11 |     6 ||    17
         Kiss of Death     |       |       |     1 |       ||     1
         Volatile Blastmot |       |       |       |     2 ||     2
Ability: Breathe Fire      |       |       |    24 |    12 ||    36
  Evoke: Wand              |       |       |     1 |       ||     1
    Use: Scroll            |     5 |     3 |    10 |     3 ||    21
         Potion            |     1 |     2 |     2 |     2 ||     7
   Stab: Sleeping          |     2 |    10 |     5 |     1 ||    18
         Distracted        |       |     1 |     1 |       ||     2
         Held in net/web   |       |       |     1 |       ||     1
 Armour: Skin              |    31 |    97 |    79 |    52 ||   259
  Dodge: Dodged            |    65 |   176 |   252 |   108 ||   601
  Block: Other             |       |       |    63 |    46 ||   109
         Reflection        |       |       |     1 |     4 ||     5
